 Dungeon Crawl Stone Soup version 0.30-a0-739-gea05faddec (webtiles) character file.

Game seed: 14145644773595260370

16931 jasper the Grappler (level 12, -2/93 HPs)
             Began as a Demonspawn Cinder Acolyte on Feb 4, 2023.
             Was an Initiate of Kikubaaqudgha.
             Slain by a fire elemental (6 damage)
             ... created by the fiery vengeance of Ignis
             ... on level 10 of the Dungeon.
             The game lasted 00:56:00 (19746 turns).

jasper the Grappler (Demonspawn Cinder Acolyte)    Turns: 19746, Time: 00:56:00

Health: -2/93      AC: 15    Str:  9    XL:     12   Next: 14%
Magic:  28/28      EV: 15    Int: 27    God:    Kikubaaqudgha [......]
Gold:   553        SH:  9    Dex: 11    Spells: 3/21 levels left

rFire   . . .      SeeInvis +      - Unarmed
rCold   + . .      Faith    .    K - +0 buckler
rNeg    . . .      Spirit   .    C - +0 acid dragon scales
rPois   +          Reflect  +    y - +2 helmet
rElec   +          Harm     .    F - +0 cloak {Stlth+}
rCorr   +          Rampage  .    (no gloves)
Will    ++...                    h - +2 pair of boots {Stlth+}
Stlth   +++                      Z - amulet "Aruzario" {Reflect rElec Int+2 Dex+2 SH+5}
HPRegen 0.35/turn                Y - ring "Uhaew" {rPois rC+ Will++ MP+9 Str-5}
MPRegen 0.21/turn                G - ring of see invisible

@: agile
A: claws 2, powered by pain 3, big brain 2
a: Renounce Religion


You were on level 10 of the Dungeon.
You worshipped Kikubaaqudgha.
Kikubaaqudgha was noncommittal.
You visited 3 branches of the dungeon, and saw 13 of its levels.
You also visited: Trove and Bailey.

You collected 1178 gold pieces.
You spent 625 gold pieces at shops.

Inventory:

Missiles
 g - 20 poisoned darts
 i - 146 stones
 r - 7 boomerangs
 D - 3 curare-tipped darts
Armour
 h - a +2 pair of boots of stealth (worn)
 v - a +0 kite shield
 x - a +0 helmet of see invisible
 y - a +2 helmet (worn)
 C - +0 acid dragon scales (worn)
 F - a +0 cloak of stealth (worn)
 K - a +0 buckler (worn)
Jewellery
 c - a ring of flight
 f - the amulet of Hysasol {RegenMP Regen+ Str-4 Int+3 Dex+5}
   (You found it in a treasure trove)

   [amulet of magic regeneration]

   It increases your rate of magic regeneration.
   Str:       It affects your strength (-4).
   Int:       It affects your intelligence (+3).
   Dex:       It affects your dexterity (+5).
   Regen:     It increases your rate of health regeneration.
 l - the amulet "Utzos" {Spirit *Slow Str+4}
   (You found it on level 1 of the Lair of Beasts)

   [amulet of guardian spirit]

   It causes incoming damage to be divided between your reserves of health and
   magic.
   Str:       It affects your strength (+4).
   *Slow:     It may slow you when you take damage.
 s - a +6 ring of strength
 u - a ring of ice
 E - a ring of fire
 G - a ring of see invisible (right claw)
 H - an amulet of the acrobat
 L - a ring of wizardry
 N - an amulet of reflection
 Q - the amulet "Maq Suo" {Reflect rC+ rCorr SH+5}
   (You found it in a treasure trove)

   [amulet of reflection]

   It reflects blocked missile attacks.
   rC:        It protects you from cold.
   rCorr:     It protects you from acid and corrosion.
   SH:        It affects your SH (+5).
 S - a +6 ring of intelligence
 T - a ring of resist corrosion
 U - the ring "Xacvya" {Fire rPois Str+9 Int-3 Dex+2}
   (You found it in a treasure trove)

   [ring of fire]

   It enhances your fire magic.
   Str:       It affects your strength (+9).
   Int:       It affects your intelligence (-3).
   Dex:       It affects your dexterity (+2).
   rF:        It protects you from fire.
   rC:        It makes you vulnerable to cold.
   rPois:     It protects you from poison.
 V - the amulet "Alyll" {rElec Regen+}
   (You found it in a treasure trove)

   [amulet of regeneration]

   rElec:     It insulates you from electricity.
   Regen:     It increases your rate of health regeneration.
 W - the ring "Ysamnom" {Fly Int+6 Slay-5 SInv}
   (You found it in a treasure trove)

   [ring of intelligence]

   Int:       It affects your intelligence (+6).
   Slay:      It affects your accuracy & damage with ranged weapons and melee
   (-5).
   SInv:      It lets you see invisible.
   Fly:       It grants you flight.
 X - the ring of Adefucur {Fly Str+2 Int-2 Dex+2 SInv}
   (You found it in a treasure trove)

   [ring of flight]

   Str:       It affects your strength (+2).
   Int:       It affects your intelligence (-2).
   Dex:       It affects your dexterity (+2).
   SInv:      It lets you see invisible.
   Fly:       It grants you flight.
 Y - the ring "Uhaew" (left claw) {rPois rC+ Will++ MP+9 Str-5}
   (You found it in a treasure trove)

   [ring of protection from cold]

   Str:       It affects your strength (-5).
   rC:        It protects you from cold.
   rPois:     It protects you from poison.
   MP:        It affects your magic capacity (+9).
   Will:      It greatly increases your willpower.
 Z - the amulet "Aruzario" (around neck) {Reflect rElec Int+2 Dex+2 SH+5}
   (You found it in a treasure trove)

   [amulet of reflection]

   It reflects blocked missile attacks.
   Int:       It affects your intelligence (+2).
   Dex:       It affects your dexterity (+2).
   rElec:     It insulates you from electricity.
   SH:        It affects your SH (+5).
Wands
 q - a wand of mindburst (1)
 A - a wand of paralysis (12)
 J - a wand of digging (1)
 O - a wand of acid (10)
Scrolls
 e - 2 scrolls of noise
 j - 2 scrolls of amnesia
 m - 5 scrolls of identify
 n - 2 scrolls of immolation
 o - 3 scrolls of magic mapping
 t - 2 scrolls of teleportation
 B - 3 scrolls of enchant weapon
 I - a scroll of fog
 M - a scroll of vulnerability
Potions
 b - 2 potions of might
 d - 2 potions of attraction
 k - 3 potions of mutation
 p - 3 potions of lignification
 w - a potion of haste
 z - 3 potions of flight
 P - a potion of ambrosia


   Skills:
 + Level 8.2 Fighting
 + Level 6.9 Armour
 - Level 4.0 Shields
 * Level 11.3 Unarmed Combat
 - Level 5.0 Spellcasting
 - Level 4.0 Hexes
 - Level 2.1 Transmutations
 - Level 5.0 Fire Magic
 - Level 4.0 Ice Magic
 - Level 4.0 Air Magic
 - Level 2.1 Earth Magic


You had 3 spell levels left.
You knew the following spells:

 Your Spells              Type           Power      Damage    Failure   Level
b - Tukima's Dance        Hex            28%        N/A       9%          3
c - Swiftness             Air            28%        N/A       9%          3
d - Passwall              Tmut/Erth      15%        N/A       10%         2
e - Ensorcelled Hibernat  Hex/Ice        56%        N/A       4%          2
f - Ozocubu's Armour      Ice            28%        N/A       9%          3
g - Silence               Hex/Air        14%        N/A       61%         5

Your spell library contained the following spells:

 Spells                   Type           Power      Damage    Failure   Level
 Scorch                   Fire           66%        2d8       2%          2
 Hailstorm                Conj/Ice       17%        3d6       19%         3
 Portal Projectile        Hex/Tloc       34%        N/A       19%         3
 Summon Guardian Golem    Hex/Summ       17%        N/A       19%         3
 Spider Form              Tmut/Pois      12%        N/A       28%         3
 Call Canine Familiar     Summ           6%         N/A       41%         3
 Gell's Gravitas          Tloc           6%         N/A       41%         3
 Teleport Other           Tloc           6%         N/A       41%         3
 Ice Form                 Ice/Tmut       23%        N/A       38%         4
 Leda's Liquefaction      Hex/Erth       11%        N/A       38%         4
 Anguish                  Hex/Necr       8%         N/A       54%         4
 Passage of Golubria      Tloc           6%         N/A       82%         4
 Blade Hands              Tmut           9%         N/A       86%         5
 Summon Forest            Summ/Tloc      3%         N/A       99%         5
 Dispersal                Tloc           3%         N/A       100%        6
 Eringya's Noxious Bog    Tmut/Pois      6%         N/A       100%        6
 Simulacrum               Ice/Necr       8%         N/A       100%        6
 Orb of Destruction       Conj           3%         9d5       100%        7
 Ozocubu's Refrigeration  Ice            14%        4d10      100%        7
 Spellforged Servitor     Conj/Summ      3%         N/A       100%        7
 Summon Hydra             Summ           3%         N/A       100%        7
 Lehudib's Crystal Spear  Conj/Erth      6%         10d3      100%        8


Dungeon Overview and Level Annotations

Branches:
Dungeon (11/15)            Temple (1/1) D:6            Lair (1/5) D:10
    Orc (0/2) D:11         Bailey (visited)

Altars:
Ashenzari
Cheibriados
Dithmenos
Fedhas
Gozag
Hepliaklqana
Kikubaaqudgha
Makhleb
Nemelex Xobeh
Okawaru
Qazlal
Ru
Sif Muna
Trog
Uskayaw
Vehumet
Wu Jian
Xom
Yredelemnul

Shops:
D:3 (   D:9 *!:(

Annotations:
D:8 2 transporters


Innate Abilities, Weirdness & Mutations

You have very sharp fingernails.
You are powered by pain.
You have an extremely huge brain. (Int +4)


Message History

The fire elemental burns you! The fire elemental hits you.
The fire elemental burns you!
You take 28 damage, and have 38/93 hp.
MASSIVE DAMAGE!!
You block the fire elemental's attack.
You closely miss the fire elemental. The fire elemental barely misses you.
You closely miss the fire elemental. You block the fire elemental's attack.
You claw the fire elemental!
The fire elemental is lightly damaged.
The fire elemental hits you. The fire elemental burns you!
You take 8 damage, and have 32/93 hp.
You claw the fire elemental!
The fire elemental is heavily damaged.
The fire elemental barely misses you.
You scratch the fire elemental.
The fire elemental is severely damaged.
The fire elemental hits you. The fire elemental burns you!
* * * LOW HITPOINT WARNING * * *
You take 10 damage, and have 22/93 hp.
You claw the fire elemental!
The fire elemental is almost destroyed.
The fire elemental hits you. The fire elemental burns you!
* * * LOW HITPOINT WARNING * * *
You take 7 damage, and have 15/93 hp.
You claw the fire elemental!
You destroy the fire elemental!
That felt strangely unrewarding.
You scratch the fire elemental but do no damage.
You block the fire elemental's attack.
You scratch the fire elemental.
The fire elemental is lightly damaged.
The fire elemental hits you. The fire elemental burns you!
* * * LOW HITPOINT WARNING * * *
You take 9 damage, and have 7/93 hp.
You feel better. The fire elemental hits you. The fire elemental burns you!
* * * LOW HITPOINT WARNING * * *
You focus on the pain.
You feel agile all of a sudden. The fire elemental hits you.
The fire elemental burns you!
You die...
Kikubaaqudgha rasps: "You have failed me!
Welcome... death!"

........###...........#.#
........'...............#
........#......)>.......#
........##.............##
........###...........##
#'####### ##.........##
#..# ###..°..### ##.##
###E### #..# ##@#########
###'####### #..........#
..........# #..........#
..........#####..........#
..........'...#..........#
..........###............#
..........# ###..........#
..........# #..........#
..........# ############


You could see a fire elemental.

Vanquished Creatures
  A two-headed ogre (D:10)
  Maurice (D:11)
  3 elephants (Lair:1)
  A black mamba (Lair:1)
  2 cane toads (Lair:1)
  A rime drake (D:10)
  2 komodo dragons
  2 hornets
  4 blink frogs (Lair:1)
  Sigmund (D:4)
  A wraith (D:6)
  A shadow (D:10)
  3 wyverns
  22 yaks
  12 fire elementals
  2 vampire mosquitoes (D:9)
  6 wargs
  An acid dragon (D:6)
  6 water moccasins
  12 orc warriors
  A sky beast (D:6)
  4 ice beasts
  3 black bears
  2 wolves (D:8)
  2 ogres
  2 centaurs
  A necrophage (D:8)
  3 kobold brigands
  4 bullfrogs
  2 gnoll sergeants
  5 scorpions
  4 wights
  20 killer bees
  4 howler monkeys
  9 hounds
  9 orc priests
  3 jellies
  A gnoll bouda (D:9)
  Jessica (D:2)
  3 iguanas
  9 orc wizards
  Robin (D:3)
  10 gnolls
  10 adders
  2 shadow imps (D:6)
  A white imp (D:6)
  An ufetubus (D:4)
  7 worms
  3 dart slugs
  52 orcs
  7 ball pythons
  7 endoplasms
  2 giant cockroaches (D:1)
  11 goblins
  11 hobgoblins
  2 jackals (D:1)
  21 kobolds
  4 quokkas
  7 bats
  2 frilled lizards
  10 rats
347 creatures vanquished.

Vanquished Creatures (collateral kills)
  A two-headed ogre (D:10)
  Grum (D:8)
  An orc warrior (Bailey)
  An ogre (D:6)
  An iguana (D:6)
5 creatures vanquished.

Vanquished Creatures (others)
  3 dancing weapons
  A wolf (Lair:1)
  90 foxfires
  8 fungi (Lair:1)
  17 plants
119 creatures vanquished.

Grand Total: 471 creatures vanquished

Notes
Turn   | Place    | Note
-------+----------+-------------------------------------------
     0 | D:1      | jasper the Demonspawn Cinder Acolyte began the quest for
                  | the Orb.
     0 | D:1      | Reached XP level 1. HP: 18/18 MP: 2/2
   311 | D:1      | Gained mutation: You sometimes gain a little power by
                  | taking damage. [demonic ancestry]
   311 | D:1      | Reached XP level 2. HP: 24/24 MP: 3/3
   315 | D:1      | Learned a level 2 spell: Scorch
  1050 | D:1      | Gained mutation: You have sharp fingernails. [demonic
                  | ancestry]
  1050 | D:1      | Reached XP level 3. HP: 29/29 MP: 4/4
  1772 | D:2      | Found a faded altar of an unknown god.
  2039 | D:2      | Noticed Jessica
  2060 | D:2      | Killed Jessica
  2061 | D:2      | Reached XP level 4. HP: 16/35 MP: 1/5
  2837 | D:3      | Reached skill level 5 in Fire Magic
  3161 | D:3      | Noticed Robin
  3169 | D:3      | Reached skill level 3 in Unarmed Combat
  3186 | D:3      | Killed Robin
  3187 | D:3      | Gained mutation: You sometimes gain power by taking damage.
                  | [demonic ancestry]
  3187 | D:3      | Reached XP level 5. HP: 30/41 MP: 0/6
  3511 | D:3      | Found Otzy's Antique Weapon Shoppe.
  3554 | D:3      | Learned a level 3 spell: Tukima's Dance
  3652 | D:4      | Noticed an ice beast
  3659 | D:4      | Killed an ice beast
  3660 | D:4      | Reached skill level 4 in Unarmed Combat
  3660 | D:4      | Reached skill level 1 in Hexes
  3803 | D:4      | Noticed Sigmund
  3829 | D:4      | Reached XP level 6. HP: 31/47 MP: 0/7
  4440 | D:5      | Entered Level 5 of the Dungeon
  4562 | D:5      | Reached skill level 5 in Unarmed Combat
  4565 | D:5      | Reached XP level 7. HP: 45/52 MP: 3/8
  4727 | D:5      | Learned a level 3 spell: Swiftness
  4730 | D:5      | Learned a level 2 spell: Passwall
  5272 | D:5      | Gained mutation: You have very sharp fingernails. [demonic
                  | ancestry]
  5272 | D:5      | Reached XP level 8. HP: 58/58 MP: 9/14
  5639 | D:6      | Found a staircase to the Ecumenical Temple.
  5666 | D:6      | Reached skill level 5 in Spellcasting
  5671 | D:6      | Learned a level 2 spell: Ensorcelled Hibernation
  5675 | D:6      | Learned a level 3 spell: Ozocubu's Armour
  5921 | D:6      | Reached skill level 1 in Transmutations
  5921 | D:6      | Reached skill level 1 in Ice Magic
  5921 | D:6      | Reached skill level 1 in Air Magic
  5921 | D:6      | Reached skill level 1 in Earth Magic
  6952 | D:6      | Gained mutation: You have an unusually large brain. (Int
                  | +2) [demonic ancestry]
  6952 | D:6      | Reached XP level 9. HP: 64/64 MP: 1/16
  7011 | D:7      | Reached skill level 1 in Armour
  7156 | D:7      | Found a flagged portal.
  7172 | Bailey   | Entered a bailey
  7486 | Bailey   | Reached skill level 6 in Unarmed Combat
  8421 | D:7      | Found a snail-covered altar of Cheibriados.
  9274 | D:8      | Reached skill level 7 in Unarmed Combat
  9432 | D:8      | Noticed a boulder beetle
  9433 | D:8      | Noticed a deep elf pyromancer
  9484 | D:8      | Found a transporter.
  9486 | D:8      | Found a transporter.
  9546 | D:8      | Reached skill level 5 in Fighting
  9904 | D:8      | Noticed Grum
  9933 | D:8      | Killed Grum
  9938 | D:8      | Gained mutation: You have an extremely huge brain. (Int +4)
                  | [demonic ancestry]
  9938 | D:8      | Reached XP level 10. HP: 30/74 MP: 8/17
 10460 | D:4      | Killed Sigmund
 10558 | D:6      | Found an opulent altar of Gozag.
 10559 | D:6      | Found a sparkling altar of Nemelex Xobeh.
 10569 | D:6      | Reached skill level 1 in Shields
 10652 | D:6      | Reached skill level 8 in Unarmed Combat
 12989 | D:9      | Found Nudduucy's Book Emporium.
 12997 | D:9      | Bought a book of the Moon for 440 gold pieces
 12999 | D:9      | Found Ruutaelo's Distillery.
 13024 | D:9      | Reached skill level 9 in Unarmed Combat
 13132 | D:9      | Bought a potion of heal wounds for 80 gold pieces
 13164 | D:9      | Reached skill level 5 in Armour
 13349 | D:9      | Found a broken altar of Ashenzari.
 13473 | D:9      | Found Zonucag's Weapon Shoppe.
 13524 | D:9      | Gained mutation: You are powered by pain. [demonic
                  | ancestry]
 13524 | D:9      | Reached XP level 11. HP: 75/83 MP: 18/18
 13970 | D:9      | Found Razoxt's Assorted Antiques.
 13976 | D:9      | Bought a potion of heal wounds for 105 gold pieces
 14100 | D:10     | Entered Level 10 of the Dungeon
 14264 | D:10     | Found a hide-covered altar of Uskayaw.
 14315 | D:10     | Noticed a two-headed ogre
 14325 | D:10     | Killed a two-headed ogre
 14326 | D:10     | Reached skill level 10 in Unarmed Combat
 14531 | D:10     | Found a sacrificial altar of Ru.
 14614 | D:10     | Found a staircase to the Lair.
 14654 | D:10     | Noticed a two-headed ogre
 14681 | D:10     | Killed a two-headed ogre
 15087 | D:10     | Found a portal to a secret trove of treasure.
 15197 | D:10     | Identified a scroll of acquirement
 15199 | D:10     | Acquired 337 gold pieces
 15566 | D:11     | Found a staircase to the Orcish Mines.
 15700 | D:11     | Noticed Maurice
 15706 | D:11     | Paralysed by Maurice for 5 turns
 15717 | D:11     | Killed Maurice
 15812 | D:10     | You paid a toll of +2 ice dragon scales to enter a treasure
                  | trove
 15813 | Trove    | Entered a treasure trove
 15817 | Trove    | Identified the amulet of Hysasol {RegenMP Regen+ Str-4
                  | Int+3 Dex+5}
 15819 | Trove    | Identified the amulet "Maq Suo" {Reflect rC+ rCorr SH+5}
 15825 | Trove    | Identified the ring "Xacvya" {Fire rPois Str+9 Int-3 Dex+2}
 15827 | Trove    | Identified the amulet "Alyll" {rElec Regen+}
 15829 | Trove    | Identified the ring "Ysamnom" {Fly Int+6 Slay-5 SInv}
 15831 | Trove    | Identified the ring of Adefucur {Fly Str+2 Int-2 Dex+2
                  | SInv}
 15833 | Trove    | Identified the ring "Uhaew" {rPois rC+ Will++ MP+9 Str-5}
 15835 | Trove    | Identified the amulet "Aruzario" {Reflect rElec Int+2 Dex+2
                  | SH+5}
 15837 | Trove    | Identified the amulet "Omyown" {Reflect Fly SH+5}
 15910 | D:10     | Learned a level 5 spell: Silence
 16012 | Temple   | Entered the Ecumenical Temple
 16017 | Temple   | Fell from the grace of Ignis
 16017 | Temple   | Became a worshipper of Kikubaaqudgha
 16319 | Lair:1   | Entered Level 1 of the Lair of Beasts
 17306 | Lair:1   | Found a radiant altar of Vehumet.
 18194 | D:10     | Reached skill level 11 in Unarmed Combat
 18951 | Lair:1   | Identified the amulet "Utzos" {Spirit *Slow Str+4}
 19056 | Lair:1   | Reached XP level 12. HP: 64/92 MP: 19/19
 19728 | D:10     | Was forgiven by Ignis
 19746 | D:10     | HP: 4/93 [fire elemental[the fiery vengeance of Ignis]
                  | (12)]
 19746 | D:10     | Slain by a fire elemental

Illustrated notes

Levels and vault maps discovered:
D:1:      dpeg_arrival_three_bigger_balls, layout_basic, dreamdust_wishing_well
D:2:      layout_loops_corners, dreamdust_ecumenical_altar_hidden_monk_grotto,
          kennysheep_another_room, st_stairs_6, minmay_pentomino_x4,
          uniq_jessica
D:3:      layout_loops_ring, serial_shops, nicolae_shop_crystal,
          hangedman_decor_push, uniq_robin
D:4:      minmay_spotlight, layout_basic, uniq_sigmund
D:5:      layout_basic
D:6:      kennysheep_windowed_halls, layout_basic,
          grunt_temple_overflow_opulence, minmay_temple_entry_purple_smoke,
          minmay_alternating_orb
D:7:      layout_gridville, kennysheep_mini_moat, enter_bailey_2
D:8:      gammafunk_the_bubble [the_bubble_gammafunk_plus_minus],
          layout_loops_ring, mainiacjoe_overflow_alcove_4, st_stairs_9,
          uniq_grum
D:9:      layout_basic, cheibrodos_ashenzari_chains, serial_shops, shop,
          nicolae_shop_temple_entry_statues_fountains,
          nicolae_shop_bloodbath_and_beyond, nicolae_shop_crystal
D:10:     layout_roguey, nicolae_overflow_hidden_temple,
          mainiacjoe_overflow_alcove_2, erik_lair_orcish_takeover,
          nicolae_trove_entry_crystal
D:11:     layout_gridville, minmay_orc_entry_guard_dogs,
          hangedman_decor_riveting, uniq_maurice
Temple:   minmay_freezing_vapour_temple
Lair:1:   layout_regular_city, basic_altar

Skill      XL: |  1  2  3  4  5  6  7  8  9 10 11 12 |
---------------+-------------------------------------+-----
Fire Magic     | 3 4 5 |  5.0
Unarmed Combat | 3 4 5 7 9 11 | 11.3
Hexes          | 1 4 |  4.0
Spellcasting   | 4 5 |  5.0
Transmutations | 2 |  2.1
Ice Magic      | 3 4 |  4.0
Air Magic      | 3 4 |  4.0
Earth Magic    | 2 |  2.1
Armour         | 3 5 6 |  6.9
Fighting       | 5 6 8 |  8.2
Shields        | 3 4 |  4.0

Action                     |  1- 3 |  4- 6 |  7- 9 | 10-12 || total
---------------------------+-------+-------+-------+-------++-------
  Melee: Unarmed           |    67 |   122 |   153 |   813 ||  1155
         Punch             |     2 |       |     7 |     2 ||    11
   Fire: Sling             |    74 |     7 |       |       ||    81
  Throw: Boomerang         |       |    15 |     5 |    14 ||    34
         Dart              |       |       |       |     3 ||     3
   Cast: Scorch            |    21 |    42 |   139 |    38 ||   240
         Tukima's Dance    |       |     1 |    11 |    15 ||    27
         Ensorcelled Hiber |       |       |     1 |     7 ||     8
         Ozocubu's Armour  |       |       |       |     7 ||     7
 Invoke: Foxfire Swarm     |       |     2 |     6 |       ||     8
  Evoke: Wand              |       |       |     2 |     2 ||     4
    Use: Scroll            |       |    11 |     4 |    11 ||    26
         Potion            |       |     1 |    11 |     6 ||    18
   Stab: Invisible         |       |       |     2 |       ||     2
         Sleeping          |       |       |       |     2 ||     2
 Armour: Robe              |    24 |    54 |    42 |       ||   120
         Acid dragon scale |       |       |    64 |   368 ||   432
  Dodge: Dodged            |    63 |    86 |   186 |   345 ||   680
  Block: Buckler           |       |       |       |   358 ||   358
         Reflection        |       |       |       |     4 ||     4

Table legend: (Time is in decaauts)
 A = Elapsed time spent in this place.
 B = Non-inter-level travel time spent in this place.
 C = Inter-level travel time spent in this place.
 D = Time resting spent in this place.
 E = Time spent auto-exploring this place.
 F = Levels seen in this place.
 G = Mean time per level.
                   A        B        C        D        E       F      G
               +--------+--------+--------+--------+--------+-----+--------+
         Total |  19696 |  18817 |    879 |   5363 |   9886 |  15 | 1313.1 |
       Dungeon |  17130 |  16257 |    873 |   4091 |   9199 |  11 | 1557.3 |
        Temple |    210 |    210 |      0 |    200 |      0 |   1 |  210.0 |
          Lair |   1363 |   1357 |      6 |    632 |    389 |   1 | 1363.0 |
         Trove |     59 |     59 |      0 |      0 |     14 |   1 |   59.0 |
        Bailey |    932 |    932 |      0 |    440 |    284 |   1 |  932.0 |
               +--------+--------+--------+--------+--------+-----+--------+

Top non-repeatable levels by time:
    D:10: 2773 daAuts
     D:6: 2482 daAuts
     D:8: 2124 daAuts
     D:9: 1831 daAuts
     D:2: 1402 daAuts
  Lair:1: 1363 daAuts
     D:7: 1326 daAuts
     D:5: 1310 daAuts
     D:1: 1139 daAuts
     D:3: 1117 daAuts
     D:4: 1068 daAuts
  Bailey: 932 daAuts
    D:11: 554 daAuts
  Temple: 210 daAuts
   Trove: 59 daAuts
